 Dungeon Crawl Stone Soup version 0.31.0-11-ge490571c62 (webtiles) character file.

Game seed: 15299498394076642408

303312 inmateoo the Impaler (level 20, 0/168 HPs)
             Began as a Human Delver on Jan 28, 2024.
             Was the Champion of Wu Jian.
             Killed from afar by a naga ritualist (20 damage)
             ... with a splash of poison
             ... on level 4 of the Snake Pit on Jan 29, 2024.
             The game lasted 01:23:29 (46547 turns).

inmateoo the Impaler (Human Delver)                Turns: 46547, Time: 01:23:30

Health: 0/168      AC: 40    Str: 20    XL:     20   Next: 82%
Magic:  0/20       EV: 20    Int: 14    God:    Wu Jian [******]
Gold:   907        SH: 13    Dex: 10    Spells: 19/19 levels left

rFire   + + .        c - +10 trident of Guilt {venom, rElec rCorr}
rCold   + . .        u - +2 kite shield {AC+3}
rNeg    . . .        h - +3 plate armour {rC+}
rPois   .            x - +2 helmet of the Moon Troll {Fly rF++ Dex-5}
rElec   +            r - +2 cloak {rCorr}
rCorr   +            K - +2 pair of gloves {infuse}
SInv    .            S - +3 pair of seven-league boots {Rampage+∞}
Will    ++...        n - amulet "Vemaoh" {rPois Regen+ Str+2 Slay-6} Stlth
                     B - ring of willpower
HPRegen 1.28/turn    F - ring of the Hare {EV+10}
MPRegen 0.17/turn

%: rampage+∞
@: lethally poisoned (0 -> -20), exhausted, poison vulnerable, flying, slowed,
studying Evocations, very slow
A: explore regen, iridescent scales 1
}: 2/15 runes: barnacled, abyssal
a: Renounce Religion, Wall Jump, Serpent's Lash, Heavenly Storm


You were on level 4 of the Snake Pit.
You worshipped Wu Jian.
Wu Jian was exalted by your worship.
You visited 7 branches of the dungeon, and saw 34 of its levels.
You visited the Abyss 1 time.
You visited 1 bazaar.

You collected 5470 gold pieces.
You spent 4563 gold pieces at shops.

Inventory:

Hand Weapons
 a - the +8 trishula "Condemnation" {holy, anguish, *Noise Fly rN+}
   (You found it on level 11 of the Dungeon)

   rN+:       It protects you from negative energy.
   Fly:       It grants you flight.
   *Noise:    It may make a loud noise when swung.
 b - a +8 demon trident of venom
 c - the +10 trident of Guilt (weapon) {venom, rElec rCorr}
   (You took it off a deep elf demonologist on level 3 of the Elven Halls)

   rElec:     It insulates you from electricity.
   rCorr:     It protects you from acid and corrosion.
Missiles
 e - 5 throwing nets
 y - 6 curare-tipped darts
 V - 7 silver javelins (quivered)
Armour
 h - a +3 plate armour of cold resistance (worn)
 r - a +2 cloak of preservation (worn)
 u - a +2 kite shield of protection (worn)
 x - the +2 helmet of the Moon Troll (worn) {Fly rF++ Dex-5}
   (You acquired it on level 8 of the Dungeon)

   Dex-5:     It affects your dexterity (-5).
   rF++:      It greatly protects you from fire.
   Fly:       It grants you flight.
 K - a +2 pair of gloves of infusion (worn)
 S - the +3 pair of seven-league boots (worn) {Rampage+∞}
   (You found it on level 15 of the Dungeon)

   Rampage+∞: When moving toward enemies, its wearer moves as far as possible,
   alerting their target en route.
Jewellery
 k - a ring of protection from fire
 n - the amulet "Vemaoh" (around neck) {rPois Regen+ Str+2 Slay-6}
   (You found it on level 11 of the Dungeon)

   [amulet of regeneration]

   Str+2:     It affects your strength (+2).
   Slay-6:    It affects your accuracy & damage with ranged weapons and melee
   (-6).
   rPois:     It protects you from poison Regen+: It increases your rate of
   health regeneration.
 q - the amulet of Vitality {RegenMP++ Regen++}
   (You found it on level 3 of the Snake Pit)

   [amulet of magic regeneration]

   RegenMP:   It increases your rate of magic regeneration.
   Regen++:   It increases your rate of health regeneration.
 B - a ring of willpower (left hand)
 F - the ring of the Hare (right hand) {EV+10}
   (You took it off a deep elf sorcerer on level 3 of the Elven Halls)

   [ring of evasion]

   EV+10:     It affects your evasion (+10).
 L - the ring of Ewanly {Fly SInv}
   (You found it on level 11 of the Dungeon)

   [ring of flight]

   SInv:      It lets you see invisible.
   Fly:       It grants you flight.
 P - a ring of protection from cold
 T - a ring of wizardry
Talismans
 D - a granite talisman
Wands
 g - a wand of digging (18)
 i - a wand of roots (19)
 m - a wand of polymorph (19)
 A - a wand of flame (48)
 E - a wand of charming (24)
 G - a wand of mindburst (40)
 N - a wand of quicksilver (19)
Scrolls
 d - 6 scrolls of revelation
 l - a scroll of immolation
 o - 6 scrolls of enchant armour
 t - 6 scrolls of fear
 v - 5 scrolls of amnesia
 I - 3 scrolls of fog
 J - 5 scrolls of teleportation
 Q - a scroll of enchant weapon
 W - 3 scrolls of identify
 Y - a scroll of summoning
 Z - 2 scrolls of blinking
Potions
 f - 5 potions of haste
 j - 11 potions of might
 p - a potion of berserk rage
 s - 4 potions of mutation
 w - 4 potions of ambrosia
 z - 4 potions of invisibility
 C - a potion of cancellation
 H - 8 potions of curing
 M - 6 potions of heal wounds
 O - 5 potions of enlightenment
 R - a potion of magic
 X - a potion of resistance
Miscellaneous
 U - a phial of floods


   Skills:
 - Level 17.0 Fighting
 - Level 20.0 Polearms
 + Level 9.6 Throwing
 - Level 15.0 Armour
 - Level 15.0 Dodging
 - Level 5.0 Stealth
 + Level 10.9 Shields
 - Level 12.0 Evocations
 + Level 5.0 Shapeshifting


You had 19 spell levels left.
You didn't know any spells.
Your spell library contained the following spells:

 Spells                   Type           Power      Damage    Failure   Level
 Freeze                   Ice            0%         1d3       99%         1
 Sting                    Conj/Alch      0%         1d3       99%         1
 Blink                    Tloc           0%         N/A       100%        2
 Cigotuvi's Dreadful Rot  Necr/Alch/Air  0%         N/A       100%        2
 Ensorcelled Hibernation  Hex/Ice        0%         N/A       100%        2
 Lesser Beckoning         Tloc           0%         N/A       100%        2
 Mercury Vapours          Alch/Air       0%         N/A       100%        2
 Momentum Strike          Conj/Tloc      0%         3d8       100%        2
 Scorch                   Fire           0%         2d5       100%        2
 Static Discharge         Conj/Air       0%         3-3/arc   100%        2
 Dazzling Flash           Conj/Hex       0%         N/A       100%        3
 Frozen Ramparts          Ice            0%         1d1       100%        3
 Fugue of the Fallen      Necr           0%         N/A       100%        3
 Gell's Gravitas          Tloc           0%         N/A       100%        3
 Hailstorm                Conj/Ice       0%         3d5       100%        3
 Mephitic Cloud           Conj/Alch/Air  0%         N/A       100%        3
 Passwall                 Erth           0%         N/A       100%        3
 Swiftness                Air            0%         N/A       100%        3
 Teleport Other           Tloc           0%         N/A       100%        3
 Vampiric Draining        Necr           0%         2d6       100%        3
 Volatile Blastmotes      Fire/Tloc      0%         2d10      100%        3
 Airstrike                Air            0%         2d(0-16)  100%        4
 Anguish                  Hex/Necr       0%         N/A       100%        4
 Animate Armour           Summ/Erth      0%         N/A       100%        4
 Animate Dead             Necr           0%         N/A       100%        4
 Brom's Barrelling Bould  Conj/Erth      0%         2d3       100%        4
 Flame Wave               Conj/Fire      0%         2d4       100%        4
 Ignite Poison            Fire/Alch      0%         N/A       100%        4
 Iskenderun's Mystic Bla  Conj/Tloc      0%         2d3       100%        4
 Olgreb's Toxic Radiance  Alch           0%         N/A       100%        4
 Sticky Flame             Fire/Alch      0%         2d4       100%        4
 Summon Lightning Spire   Summ/Air       0%         N/A       100%        4
 Vhi's Electric Charge    Tloc/Air       0%         N/A       100%        4
 Alistair's Intoxication  Alch           0%         N/A       100%        5
 Arcjolt                  Conj/Air       0%         1d10      100%        5
 Borgnjor's Vile Clutch   Necr/Erth      0%         N/A       100%        5
 Curse of Agony           Necr           0%         N/A       100%        5
 Freezing Cloud           Conj/Ice/Air   0%         6-21      100%        5
 Lee's Rapid Deconstruct  Erth           0%         3d4*      100%        5
 Silence                  Hex/Air        0%         N/A       100%        5
 Summon Forest            Summ/Tloc      0%         N/A       100%        5
 Summon Mana Viper        Hex/Summ       0%         N/A       100%        5
 Eringya's Noxious Bog    Alch           0%         4d6       100%        6
 Plasma Beam              Fire/Air       0%         2x1d10    100%        6
 Summon Cactus Giant      Summ           0%         N/A       100%        6
 Haunt                    Necr/Summ      0%         N/A       100%        7
 Disjunction              Tloc           0%         N/A       100%        8
 Ignition                 Fire           0%         3d3       100%        8
 Infestation              Necr           0%         N/A       100%        8
 Chain Lightning          Conj/Air       0%         N/A       100%        9
 Fire Storm               Conj/Fire      0%         5d1       100%        9
 Shatter                  Erth           0%         3d5*      100%        9


Dungeon Overview and Level Annotations

Branches:
Dungeon (15/15)            Temple (1/1) D:7            Lair (5/5) D:11
 Shoals (4/4) Lair:2        Snake (4/4) Lair:2        Slime (0/5) Lair:5
    Orc (2/2) D:10            Elf (3/3) Orc:2        Vaults (0/5) D:14
 Depths (0/4) D:15

Altars:
Ashenzari
Cheibriados
Dithmenos
Elyvilon
Fedhas
Gozag
Hepliaklqana
Kikubaaqudgha
Makhleb
Nemelex Xobeh
Okawaru
Qazlal
Ru
Sif Muna
Trog
Uskayaw
Vehumet
Wu Jian
Xom
Yredelemnul
Zin
The Shining One
Jiyva

Shops:
D:13 [   Orc:2 *[**   Elf:1 :   Elf:2 (   Shoals:2 [   Shoals:4 (
Snake:2 [!!=   Snake:4 [

Portals:
Trove: Elf:3 (give 18 potions of curing)

Annotations:
D:9 2 transporters, raph's ghost, novice DEIE
D:15 Roxanne
Temple 2 transporters
Lair:2 2 transporters
Lair:5 1 runed translucent door, Vyczarre's ghost, journeyman CeHs
Snake:1 2 transporters, Ousak's ghost, adept OpSh
Orc:1 1 transporter


Innate Abilities, Weirdness & Mutations

You regain HP and MP as you explore.
You are partially covered in iridescent scales. (AC +2)


Message History

You spin and attack the naga, with incredible momentum.
You impale the naga!!
You blow up the naga!
The Council accepts your kill.
Your supernatural speed expires.
You stride towards the mana viper!
You lunge at the mana viper.
You hit the mana viper but do no damage.
The mana viper is moderately wounded.
You puncture the mana viper!
The mana viper looks as sick as possible!
The mana viper is heavily wounded.
You feel very sick.
* * * LOW HITPOINT WARNING * * *
You are more poisoned.
The mana viper bites you but does no damage.
You puncture the mana viper!
The mana viper looks as sick as possible!
The mana viper is almost dead.
You feel very sick.
* * * LOW HITPOINT WARNING * * *
You are more poisoned.
You block the mana viper's attack.
You feel better.
You kill the mana viper!
The Council accepts your kill.
* * * LOW HITPOINT WARNING * * *
You are poisoned.
* * * LOW HITPOINT WARNING * * *
You are more poisoned.
The naga ritualist barely misses you. The naga ritualist grabs you.
The naga ritualist constricts you.
Your Shapeshifting skill increases to level 5!
You escape the naga ritualist's grasp.
You feel very sick.
* * * LOW HITPOINT WARNING * * *
You are more poisoned.
The naga ritualist spits poison at you. The splash of poison hits you!!
You are lethally poisoned!
You die...

### ..### ### ### ###### ##
....####.# ##.# ##....# #.
.........## ##..# ###.....# ##
.......N..###<.)####.......# #
...........)..N))...).....## #
.......##..)...)@.[.......## ###
.......####.....)..........####..
........###....................[.
##+######.#.........)............
#.........#..............
###.........###....########
#...........# #....#...#..#
#...........###....#.......
##..........##.....#.......


You could see a naga ritualist (toxic aura, catching breath).

Vanquished Creatures
  Vashnia (Snake:3)
  Zenata (Elf:1)
  2 deep elf master archers (Elf:3)
  2 deep elf blademasters
  Kirke (Shoals:1)
  Ilsuiw (Shoals:4)
  Aizul (Snake:4)
  Louise (Elf:1)
  4 deep elf sorcerers (Elf:3)
  4 deep elf elementalists (Elf:3)
  A very ugly thing (Abyss:3)
  An ironbound preserver (D:14)
  6 deep elf demonologists (Elf:3)
  A minotaur (Shoals:3)
  5 deep elf annihilators (Elf:3)
  7 deep elf death magi
  Snorg (Lair:4)
  11 merfolk javelineers
  A blizzard demon (Abyss:3)
  9 merfolk impalers
  An entropy weaver (shapeshifter) (Elf:2)
  A quicksilver dragon zombie (D:15)
  A salamander tyrant (Snake:3)
  3 deep elf high priests (Elf:3)
  5 vault guards (Elf:3)
  7 hydras
  2 ogre magi (Orc:2)
  11 two-headed ogres
  5 boulder beetles
  A catoblepas (Shoals:3)
  4 centaur warriors
  4 merfolk aquamancers (Shoals:4)
  2 merfolk avatars
  3 death yaks (Shoals:3)
  3 satyrs
  2 tengu warriors (D:14)
  An alligator snapping turtle (Shoals:4)
  A sphinx skeleton (D:15)
  6 naga warriors
  15 anacondas
  A thrashing horror (Abyss:3)
  31 dancing weapons
  An occultist (Abyss:3)
  5 shock serpents
  Nergalle (D:11)
  6 naga sharpshooters
  2 skysharks
  10 deep elf knights
  4 wretched stars (Abyss:3)
  An arcanist (D:13)
  2 skeletal warriors
  8 salamander mystics
  9 sea snakes
  6 mana vipers
  2 deep trolls (Orc:2)
  9 deep elf archers
  5 naga ritualists
  2 phantasmal warriors (D:15)
  30 harpies
  24 deep elf zephyrmancers
  3 necromancers
  6 large abominations
  30 deep elf pyromancers
  16 ugly things
  A wolf spider (Lair:5)
  An orc sorcerer (Orc:2)
  A cyclops (shapeshifter) (Elf:3)
  7 cyclopes
  34 salamanders
  8 fauns
  Maurice (D:8)
  11 manticores
  11 meliai
  14 elephants
  2 guardian serpents
  7 merfolk sirens
  4 water nymphs
  Joseph (Lair:1)
  3 smoke demons (Abyss:3)
  37 black mambas
  An orange demon (Abyss:3)
  A gargoyle (D:10)
  2 torpor snails
  A cane toad (shapeshifter) (D:14)
  2 rime drakes
  22 naga magi
  13 cane toads
  A yaktaur (D:15)
  2 unseen horrors (D:12)
  An efreet (D:14)
  5 komodo dragons
  A freezing wraith (D:14)
  An ancient zyme (Abyss:3)
  A polar bear (Lair:1)
  A queen bee (Abyss:3)
  4 wind drakes
  14 trolls
  2 hornets
  16 merfolk
  9 snapping turtles
  8 blink frogs (Lair:5)
  7 dream sheep
  A centaur simulacrum (D:15)
  22 slime creatures
  6 spriggans
  4 air elementals
  8 wraiths
  12 starcursed masses (Abyss:3)
  11 wyverns
  8 water elementals
  3 ynoxinuls
  3 fire bats (D:11)
  A vampire (D:8)
  A human (D:9)
  42 yaks
  4 hogs (D:9)
  Eustachio (D:6)
  4 steam dragons
  5 basilisks
  A warg (Orc:1)
  2 redbacks (Lair:5)
  4 vampire mosquitoes
  A chaos spawn (Abyss:3)
  33 nagas
  An acid dragon (D:12)
  28 water moccasins
  An ice beast (D:5)
  10 orc warriors
  A sky beast (D:6)
  7 black bears
  3 laughing skulls
  6 wolves
  20 ogres
  7 centaurs
  3 elf zombies (Elf:1)
  3 weeping skulls
  16 bullfrogs
  2 gnoll sergeants
  5 small abominations (Abyss:3)
  4 earth elementals
  2 scorpions (D:5)
  5 wights
  3 killer bees (D:8)
  2 howler monkeys (D:11)
  2 electric eels
  3 hounds
  9 orc priests
  7 jellies
  3 bombardier beetles
  Crazy Yiuf (D:7)
  A gnoll bouda (D:7)
  2 sleepcaps
  Terence (D:3)
  2 iguanas
  17 orc wizards
  11 gnolls
  7 adders
  A white imp (Abyss:3)
  2 ufetubi (Abyss:3)
  A ribbon worm (D:4)
  7 dart slugs
  68 orcs
  12 endoplasms
  2 giant cockroaches
  4 goblins
  3 hobgoblins
  6 jackals
  7 kobolds
  3 quokkas
  7 ball pythons
  19 bats
  4 frilled lizards
  5 rats
  A spectral orc (D:7)
1135 creatures vanquished.

Vanquished Creatures (collateral kills)
  Rupert (D:12)
  A flayed ghost (D:11)
  A merfolk siren (Shoals:4)
  A wyvern (D:11)
  A laughing skull (D:8)
  A black bear (D:11)
  2 killer bees (D:8)
8 creatures vanquished.

Vanquished Creatures (others)
  Nikola (Elf:2)
  Jorgrun (Orc:1)
  A deep elf blademaster (Elf:3)
  Polyphemus (Shoals:3)
  The ghost of Teryn the Corrupter of Planes, a journeyman DsAK of Lugonu (Shoals:1)
  A merfolk javelineer (Shoals:3)
  2 merfolk aquamancers (Shoals:4)
  A two-headed ogre (D:14)
  A vampire mage (D:15)
  2 deep elf knights (Elf:2)
  A skyshark (Lair:5)
  A skeletal warrior (D:15)
  2 harpies (Shoals:4)
  3 deep elf zephyrmancers
  A necromancer (Elf:1)
  An ugly thing (D:14)
  A faun (Shoals:2)
  2 cyclopes (D:12)
  4 meliai (D:15)
  A merfolk siren (Shoals:4)
  2 black mambas (Lair:5)
  3 water nymphs
  A cane toad (Lair:1)
  A gargoyle (D:14)
  2 rime drakes
  A komodo dragon (Lair:2)
  2 merfolk
  A troll (Orc:2)
  A blink frog (Lair:5)
  A hornet (Lair:5)
  A dream sheep (Lair:4)
  2 snapping turtles
  A spriggan (Lair:1)
  A yak (Lair:1)
  A vampire mosquito (D:11)
  A human (Shoals:1)
  A naga (Snake:3)
  An acid dragon (D:11)
  A water moccasin (Lair:5)
  2 ogres (Orc:2)
  3 wolves (Lair:4)
  A killer bee (D:8)
  2 orc priests
  2 orc wizards
  4 starspawn tentacles (Abyss:3)
68 creatures vanquished.

Grand Total: 1211 creatures vanquished

Notes
Turn   | Place    | Note
-------+----------+-------------------------------------------
     0 | D:5      | inmateoo the Human Delver began the quest for the Orb.
     0 | D:5      | Reached XP level 1. HP: 18/18 MP: 1/1
    27 | D:5      | Noticed an iguana
    53 | D:5      | Noticed an orc priest
    80 | D:5      | Noticed a jelly
    81 | D:5      | Noticed an ice beast
    83 | D:5      | Noticed a scorpion
   104 | D:4      | Found a glowing silver altar of Zin.
   104 | D:4      | Found a burning altar of Makhleb.
   105 | D:4      | Noticed a balrug
   105 | D:4      | Noticed an angel
   121 | D:4      | Noticed a jelly
   129 | D:4      | Killed a jelly
   130 | D:4      | Reached skill level 3 in Polearms
   130 | D:4      | Reached XP level 2. HP: 18/24 MP: 2/2
   130 | D:4      | Reached XP level 3. HP: 22/29 MP: 3/3
   288 | D:4      | Found a sparkling altar of Nemelex Xobeh.
   410 | D:3      | Noticed Terence
   440 | D:4      | Reached skill level 4 in Polearms
   440 | D:4      | Reached XP level 4. HP: 35/35 MP: 4/4
   544 | D:3      | Reached skill level 1 in Throwing
   679 | D:2      | Found a shimmering blue altar of Sif Muna.
  1622 | D:2      | Reached XP level 5. HP: 36/41 MP: 5/5
  1896 | D:3      | Killed Terence
  2230 | D:3      | Found a faded altar of an unknown god.
  2257 | D:3      | Identified the +0 leather armour of the Grape {Regen+}
  2644 | D:4      | Reached XP level 6. HP: 48/48 MP: 6/6
  2886 | D:4      | Identified the +0 robe of the Sparrow {^Contam Str+3 Int+5}
  3461 | D:5      | Reached skill level 5 in Polearms
  3477 | D:5      | Reached XP level 7. HP: 55/55 MP: 7/7
  3732 | D:5      | Reached skill level 5 in Fighting
  3864 | D:5      | Reached skill level 6 in Polearms
  3939 | D:5      | Reached XP level 8. HP: 29/62 MP: 8/8
  4349 | D:6      | Reached skill level 5 in Throwing
  4401 | D:6      | Noticed Eustachio
  4416 | D:6      | Killed Eustachio
  4417 | D:6      | Reached skill level 7 in Polearms
  4539 | D:6      | Found a glowing golden altar of the Shining One.
  4651 | D:6      | Reached skill level 8 in Polearms
  4932 | D:6      | Reached skill level 9 in Polearms
  4932 | D:6      | Reached XP level 9. HP: 59/68 MP: 9/9
  5377 | D:7      | Found a staircase to the Ecumenical Temple.
  5400 | D:7      | Reached skill level 1 in Armour
  5461 | Temple   | Found a transporter.
  5461 | Temple   | Found a transporter.
  5461 | Temple   | Found a transporter.
  5461 | Temple   | Found a transporter.
  5461 | Temple   | Entered the Ecumenical Temple
  5476 | Temple   | Became a worshipper of the Wu Jian Council
  5632 | D:7      | Found a snail-covered altar of Cheibriados.
  5633 | D:7      | Found a blossoming altar of Fedhas.
  5634 | D:7      | Found a sacrificial altar of Ru.
  5849 | D:7      | Found an opulent altar of Gozag.
  5849 | D:7      | Found a hide-covered altar of Uskayaw.
  5877 | D:7      | Found a runed translucent door.
  5878 | D:7      | Noticed Crazy Yiuf
  5987 | D:7      | Found a basalt altar of Yredelemnul.
  6457 | D:7      | Killed Crazy Yiuf
  6462 | D:7      | Identified the +0 hammer of Resourcefulness {freeze, rN+
                  | Str+3}
  6688 | D:8      | Reached skill level 10 in Polearms
  6928 | D:8      | Noticed Maurice
  6944 | D:8      | Killed Maurice
  6945 | D:8      | Reached XP level 10. HP: 77/77 MP: 10/10
  7310 | D:8      | Identified a scroll of acquirement
  7310 | D:8      | Acquired the +2 helmet of the Moon Troll {Fly rF++ Dex-5}
  7337 | D:9      | Found a transporter.
  7489 | D:9      | Found a transporter.
  7497 | D:9      | Noticed a two-headed ogre
  7500 | D:9      | Noticed a moth of wrath
  7503 | D:9      | Noticed raph's ghost (novice DEIE)
  8135 | D:8      | Reached skill level 5 in Dodging
  8166 | D:9      | Noticed a two-headed ogre
  8331 | D:8      | Reached skill level 5 in Armour
  8417 | D:9      | Found a bloodstained altar of Trog.
  8417 | D:9      | Noticed a tengu warrior
  8429 | D:9      | Reached * piety under Wu Jian
  8668 | D:9      | Found a shimmering blue altar of Sif Muna.
  8984 | D:10     | Entered Level 10 of the Dungeon
  8984 | D:10     | Noticed a two-headed ogre
  8993 | D:10     | Killed a two-headed ogre
  9056 | D:10     | Noticed a gargoyle
  9077 | D:10     | Killed a gargoyle
  9242 | D:10     | Reached XP level 11. HP: 81/87 MP: 11/11
  9284 | D:10     | Reached ** piety under Wu Jian
  9339 | D:10     | Found a staircase to the Orcish Mines.
 10037 | D:11     | Noticed a two-headed ogre
 10038 | D:11     | Noticed a red ugly thing
 10052 | D:11     | Killed a two-headed ogre
 10090 | D:11     | Killed a red ugly thing
 10295 | D:11     | Found a sacrificial altar of Ru.
 10317 | D:11     | Found a glowing silver altar of Zin.
 10318 | D:11     | Found a runed translucent door.
 10481 | D:11     | Reached skill level 11 in Polearms
 10506 | D:11     | Reached skill level 1 in Shields
 10542 | D:11     | Noticed a flayed ghost
 10543 | D:11     | Found the +8 trishula "Condemnation" {holy, anguish, *Noise
                  | Fly rN+}
 10565 | D:11     | Found a burning altar of Makhleb.
 10614 | D:11     | Found an opulent altar of Gozag.
 10626 | D:11     | Found a sparkling altar of Nemelex Xobeh.
 10657 | D:11     | Killed a flayed ghost
 10657 | D:11     | Reached *** piety under Wu Jian
 10662 | D:11     | Identified the ring of Ewanly {Fly SInv}
 10667 | D:11     | Identified the amulet "Vemaoh" {rPois Regen+ Str+2 Slay-6}
 10701 | D:11     | Found a hazy altar of Hepliaklqana.
 10753 | D:11     | Paralysed by a hornet for 1 turns
 10844 | D:11     | Found a staircase to the Lair.
 11157 | D:11     | Reached XP level 12. HP: 97/97 MP: 12/12
 11241 | D:12     | Noticed Rupert
 11257 | D:12     | Killed Rupert
 11258 | D:12     | Reached skill level 10 in Fighting
 11505 | D:12     | Reached skill level 12 in Polearms
 11728 | D:12     | Noticed Nergalle
 11920 | D:12     | Noticed Nessos
 11922 | D:12     | Nessos changed into Nessos the harpy
 11922 | D:12     | Noticed Nessos
 11927 | D:12     | Killed Nessos the harpy
 11928 | D:12     | Reached skill level 13 in Polearms
 12227 | D:11     | Killed Nergalle
 12574 | D:13     | Reached skill level 14 in Polearms
 12632 | D:13     | Noticed a five-headed hydra
 12641 | D:13     | Killed a five-headed hydra
 12688 | D:13     | Noticed a seven-headed hydra
 12695 | D:13     | Killed a seven-headed hydra
 12696 | D:13     | Reached XP level 13. HP: 99/103 MP: 13/13
 13179 | D:13     | Found Ohouhoif's Antique Armour Shoppe.
 13316 | D:13     | Reached **** piety under Wu Jian
 13544 | D:14     | Reached skill level 5 in Shields
 13594 | Lair:1   | Entered Level 1 of the Lair of Beasts
 13982 | Lair:1   | Noticed Joseph
 13994 | Lair:1   | Killed Joseph
 14030 | Lair:1   | Reached ***** piety under Wu Jian
 14699 | Lair:2   | Found a staircase to the Shoals.
 14806 | Lair:2   | Found a transporter.
 14808 | Lair:2   | Found a transporter.
 15030 | Lair:2   | Reached XP level 14. HP: 113/113 MP: 14/14
 15276 | Lair:2   | Found a staircase to the Snake Pit.
 15614 | Lair:3   | You are sucked into a shaft and drop 2 floors!
 15614 | Lair:5   | Entered Level 5 of the Lair of Beasts
 15907 | Lair:5   | Reached skill level 15 in Polearms
 16003 | Lair:5   | Reached skill level 10 in Armour
 16022 | Lair:5   | Reached skill level 10 in Dodging
 16108 | Lair:5   | Found a runed translucent door.
 16108 | Lair:5   | Found a viscous altar of Jiyva.
 16111 | Lair:5   | Found a staircase to the Slime Pits.
 16609 | Lair:5   | Noticed Vyczarre's ghost (journeyman CeHs)
 16741 | Lair:5   | Got an earthy gem with 747 turns to spare
 17063 | Lair:4   | Reached ****** piety under Wu Jian
 17284 | Lair:4   | Noticed Snorg
 17308 | Lair:4   | Killed Snorg
 18142 | Lair:3   | Reached XP level 15. HP: 121/121 MP: 15/15
 19664 | D:14     | Reached skill level 16 in Polearms
 19827 | D:14     | Found a gate to the Vaults.
 20047 | D:15     | Entered Level 15 of the Dungeon
 20335 | D:15     | Found a broken altar of Ashenzari.
 20723 | D:15     | Noticed Roxanne
 21324 | D:15     | Found a staircase to the Depths.
 21397 | D:15     | Found the +3 pair of seven-league boots {Rampage+∞}
 21704 | Orc:1    | Entered Level 1 of the Orcish Mines
 21990 | Orc:1    | Noticed Jorgrun
 22007 | Orc:1    | Killed Jorgrun
 22120 | Orc:1    | Found a transporter.
 22437 | Orc:1    | Found a bloodstained altar of Trog.
 22437 | Orc:1    | Found the necklace of Bloodlust {Fury *Rage Will++ Int-3
                  | Slay+6}
 22474 | Orc:2    | Entered Level 2 of the Orcish Mines
 22575 | Orc:2    | Reached XP level 16. HP: 86/131 MP: 16/16
 22908 | Orc:2    | Found a staircase to the Elven Halls.
 23038 | Orc:2    | Reached skill level 17 in Polearms
 23149 | Orc:2    | Found Muggodun's Assorted Antiques.
 23153 | Orc:2    | Found Cummi's Assorted Antiques.
 23173 | Orc:2    | Reached skill level 1 in Evocations
 23183 | Orc:2    | Found Qeduem's General Store.
 23185 | Orc:2    | Found Itae's Armour Boutique.
 23228 | Orc:2    | Bought a +2 pair of gloves of infusion for 365 gold pieces
 23481 | Orc:2    | Found a flickering gateway to a bazaar.
 23493 | Bazaar   | Entered a bazaar
 23493 | Bazaar   | Found Seghew's Distillery.
 23493 | Bazaar   | Found Tah Kiwk's Antique Armour Emporium.
 23494 | Bazaar   | Found Waahikyo's Antique Weapon Shoppe.
 23494 | Bazaar   | Found Jaobboj's Weapon Shoppe.
 23522 | Bazaar   | Bought a pair of glowing gloves for 217 gold pieces
 23527 | Bazaar   | Bought a potion of might for 44 gold pieces
 23527 | Bazaar   | Bought a potion of mutation for 88 gold pieces
 23527 | Bazaar   | Bought a potion of curing for 33 gold pieces
 23535 | Bazaar   | Bought a spiked chain mail for 275 gold pieces
 23535 | Bazaar   | Identified the +0 chain mail of the Three Invaders {Rampage
                  | rPois Str-4 Int-2} (You bought it in a shop in a bazaar)
 23726 | Orc:2    | Bought a glowing iron ring for 140 gold pieces
 23738 | Orc:2    | Bought a +3 plate armour of cold resistance for 630 gold
                  | pieces
 23897 | Shoals:1 | Entered Level 1 of the Shoals
 23899 | Shoals:1 | Found a runed translucent door.
 23900 | Shoals:1 | Noticed Teryn's ghost (journeyman DsAK)
 24014 | Shoals:1 | Noticed Kirke
 24158 | Shoals:1 | Killed Kirke
 24809 | Shoals:1 | Killed Teryn's ghost
 25085 | Shoals:2 | Found Ymahina's Armour Shoppe.
 25235 | Shoals:2 | Identified the +1 scale mail "Myuggyet" {+Inv Dex+4}
 25780 | Shoals:3 | Found a hide-covered altar of Uskayaw.
 25821 | Shoals:3 | Reached XP level 17. HP: 31/140 MP: 4/17
 26945 | Shoals:4 | Entered Level 4 of the Shoals
 27726 | Shoals:4 | Noticed Ilsuiw
 28062 | Shoals:3 | Reached skill level 18 in Polearms
 28308 | Shoals:4 | Noticed Polyphemus
 28323 | Shoals:3 | Killed Polyphemus
 29302 | Shoals:4 | Killed Ilsuiw
 29847 | Shoals:3 | Reached skill level 5 in Evocations
 30603 | Shoals:4 | Reached skill level 15 in Fighting
 31155 | Shoals:4 | Found Mabo's Antique Weapon Boutique.
 31230 | Shoals:4 | Got a barnacled rune of Zot
 31456 | Shoals:4 | Reached XP level 18. HP: 85/149 MP: 1/18
 32068 | Elf:1    | Entered Level 1 of the Elven Halls
 32076 | Elf:1    | Reached skill level 10 in Shields
 32418 | Elf:1    | Noticed Zenata
 32449 | Elf:1    | Found Sur Kos's Vocational Training.
 32462 | Elf:1    | HP: 7/148 [deep elf zephyrmancer/bolt of lightning (23)]
 32836 | Elf:1    | Killed Zenata
 33069 | Elf:1    | Paralysed by an air elemental for 1 turns
 33098 | Elf:1    | Reached skill level 19 in Polearms
 33125 | Elf:1    | Noticed Louise
 33142 | Elf:1    | Killed Louise
 33149 | Elf:1    | Paralysed by an air elemental for 1 turns
 33629 | Elf:1    | Got the Encyclopedia of Black Mysteries
 33762 | Elf:1    | Got Sif Muna's Precepts of Planar Ozone
 33763 | Elf:1    | Acquired 1301 gold pieces
 33789 | Elf:1    | Bought a manual of Evocations for 1440 gold pieces
 33995 | Elf:2    | Found Hiam's Antique Weapon Shop.
 34051 | Elf:2    | Noticed Nikola
 34646 | Elf:2    | Found a runed translucent gate.
 34646 | Elf:2    | Found a runed translucent gate.
 34646 | Elf:2    | Found a runed translucent gate.
 34808 | Elf:3    | Entered Level 3 of the Elven Halls
 35563 | Elf:3    | Found a portal to a secret trove of treasure.
 35671 | Elf:3    | Paralysed by an air elemental for 1 turns
 36236 | Elf:2    | Noticed a deep elf blademaster
 36253 | Elf:2    | Killed a deep elf blademaster
 36349 | Elf:2    | Reached XP level 19. HP: 139/157 MP: 16/19
 36730 | Elf:2    | Killed Nikola
 37482 | Elf:2    | Identified the blade talisman of a sewer {rF+ Int+6 Dex-2
                  | Stlth+}
 37824 | Elf:3    | Reached skill level 20 in Polearms
 38167 | Elf:3    | Identified the +10 trident of Guilt {venom, rElec rCorr}
 38218 | Elf:3    | Identified the +0 leather armour of Moistruo {rF+ Dex+4}
 38279 | Elf:3    | Identified the +6 orcbow of the Endless Expanse {elec,
                  | Int+2}
 38754 | Elf:3    | Identified the +4 spear of the Inferno {drain, Dex+3}
 38754 | Elf:3    | Identified the amulet "Xaexaosmo" {Reflect Harm rElec MP+9
                  | Int+2 SH+5}
 38759 | Abyss:3  | Cast into level 3 of the Abyss (a deep elf sorcerer)
 38772 | Abyss:3  | Found an ornate altar of the Wu Jian Council.
 38829 | Abyss:3  | Got an abyssal rune of Zot
 38857 | Abyss:3  | HP: 4/125 [smoke demon/divine providence (13)]
 38878 | Abyss:3  | Found a corrupted altar of Lugonu.
 38919 | Abyss:3  | Found a corrupted altar of Lugonu.
 39341 | Elf:3    | Escaped the Abyss
 39351 | Elf:3    | Noticed a Hell Sentinel
 39721 | Elf:3    | Identified the amulet "Gaen" {rC- Regen+ Int+4 Dex+2}
 39804 | Elf:3    | Identified the +3 bardiche of the Fray {protect, rElec
                  | rPois Dex+3}
 39974 | Elf:3    | Identified the +1 arbalest of Ilexkakk {heavy, +Blink rC+
                  | rN+ SInv}
 40039 | Elf:3    | Got the Quarto of Mud and Venin
 40410 | Snake:1  | Entered Level 1 of the Snake Pit
 40855 | Snake:1  | Reached skill level 1 in Shapeshifting
 40969 | Snake:1  | Found a transporter.
 40970 | Snake:1  | Noticed Ousak's ghost (adept OpSh)
 40984 | Snake:1  | Found a transporter.
 41159 | Snake:1  | Reached XP level 20. HP: 153/154 MP: 15/20
 41265 | Snake:2  | Reached skill level 10 in Evocations
 41627 | Snake:2  | Reached skill level 15 in Armour
 41749 | Snake:2  | Found Muocs's Distillery.
 41757 | Snake:2  | Found Deirph's Jewellery Shoppe.
 41757 | Snake:2  | Found Fonul's Antique Armour Emporium.
 41895 | Snake:2  | Bought 2 potions of curing for 84 gold pieces
 41895 | Snake:2  | Bought a potion of haste for 140 gold pieces
 41895 | Snake:2  | Bought a potion of curing for 42 gold pieces
 41895 | Snake:2  | Bought a potion of curing for 42 gold pieces
 41895 | Snake:2  | Bought a potion of mutation for 112 gold pieces
 41895 | Snake:2  | Bought a potion of resistance for 140 gold pieces
 41895 | Snake:2  | Bought 2 potions of might for 112 gold pieces
 41895 | Snake:2  | Bought 2 potions of invisibility for 224 gold pieces
 41895 | Snake:2  | Found Mual's Distillery.
 41901 | Snake:2  | Bought a potion of heal wounds for 75 gold pieces
 41901 | Snake:2  | Bought a potion of curing for 45 gold pieces
 41901 | Snake:2  | Bought a potion of heal wounds for 75 gold pieces
 41901 | Snake:2  | Bought a potion of mutation for 120 gold pieces
 41901 | Snake:2  | Bought a potion of mutation for 120 gold pieces
 41961 | Snake:2  | Reached skill level 15 in Dodging
 41961 | Snake:2  | Gained mutation: Your mind is acute. (Int +4, Str/Dex -1)
                  | [potion of mutation]
 41961 | Snake:2  | Gained mutation: You are somewhat resistant to further
                  | mutation. [potion of mutation]
 42236 | Snake:2  | Lost mutation: Your mind is acute. (Int +4, Str/Dex -1)
                  | [potion of mutation]
 42236 | Snake:2  | Lost mutation: You are somewhat resistant to further
                  | mutation. [potion of mutation]
 42236 | Snake:2  | Gained mutation: You are partially covered in iridescent
                  | scales. (AC +2) [potion of mutation]
 42830 | Snake:3  | Found the amulet of Vitality {RegenMP++ Regen++}
 44775 | Snake:4  | Entered Level 4 of the Snake Pit
 45840 | Snake:4  | Noticed Vashnia
 46049 | Snake:3  | Killed Vashnia
 46177 | Snake:4  | Found Jycycoucy's Armour Shop.
 46380 | Snake:4  | Identified the serpent talisman of the Bright Hot Ocelot
                  | {Int+3 Dex+2 Slay+2}
 46380 | Snake:4  | Noticed Aizul
 46402 | Snake:4  | Killed Aizul
 46547 | Snake:4  | Reached skill level 5 in Shapeshifting
 46547 | Snake:4  | Killed from afar by a naga ritualist

Illustrated notes

Levels and vault maps discovered:
D:1:      minmay_arrival_wavy_path, layout_loops_cross, st_stairs_2, hex_large,
          serial_bayou_ford_a
D:2:      layout_rooms, basic_altar
D:3:      layout_loops_ring, dreamdust_ecumenical_altar_statues,
          serial_aquarium, aquarium_bridge_square [aquarium_subvault_bridge,
          aquarium_subvault_wall, aquarium_subvault_bridge,
          aquarium_subvault_wall], aquarium_window_fake, aquarium_window_fake,
          aquarium_view_2e, aquarium_view_4, uniq_terence
D:4:      layout_loops_ring, grunt_temple_overflow_order_and_chaos_2,
          nemelex_xobeh_ov_fountains_minmay, nicolae_the_louvre
D:5:      layout_loops_ring
D:6:      wander_river, layout_rooms, nicolae_tso_carved_into_rock,
          kennysheep_generic_room_16, uniq_eustachio
D:7:      layout_basic, grunt_temple_overflow_open,
          yredelemnul_forgotten_temple_becter, temple_statues,
          uniq_crazy_yiuf_cottage
D:8:      layout_basic, uniq_maurice
D:9:      layout_rooms, lemuel_crystal_altar, gammafunk_ghost_wrathful_warriors,
          grunt_livestock, nzn_life_drinkers
D:10:     layout_stronghold, hiddenorc2_lemuel
D:11:     due_megacathedral, layout_basic, david_lair_generic
D:12:     layout_irregular_city, uniq_nessos, uniq_rupert, uniq_nergalle
D:13:     layout_roguey, serial_shops, shop, minmay_crystal_room
D:14:     layout_irregular_city, skrybe_vaults_entry_preservation
D:15:     gammafunk_depths_entry_grave, layout_basic, evilmike_ruin_ashenzari,
          hellmonk_guarded_unrand_seven_league_boots, uniq_roxanne
Temple:   hellmonk_temple_divided_pantheon
Lair:1:   wad_woods_settlement, layout_long_grid, portal_ice_cave_rime,
          uniq_joseph
Lair:2:   gammafunk_boulding_lane, layout_regular_city,
          elwin_shoals_entry_stream, minmay_snake_entry_six_corridors,
          st_stairs_11, beast_lair_carwin_11, lemuel_fruit_tree
Lair:3:   layout_regular_city
Lair:4:   beast_lair_carwin_large_1, layout_cave_pods, serial_bayou_shore_a,
          uniq_snorg
Lair:5:   hangedman_lair_tendril_chambers, layout_long_grid,
          nicolae_slime_entry_slimehenge, ebering_ghost_reflecting_pool,
          wad_woods_02
Shoals:1: layout_shoals, gammafunk_ghost_grave, uniq_kirke
Shoals:2: layout_shoals, serial_shops, shop
Shoals:3: layout_shoals, regret_index_shoals_crete
Shoals:4: shoals_end_simple, layout_shoals, shoals_ilsuiw_ice, serial_shops,
          shop, nicolae_shoals_pincushion_passage, uniq_polyphemus
Snake:1:  layout_rooms, gammafunk_ghost_berserking_beasts
Snake:2:  layout_basic, grunt_megastairs_1, minmay_shoptagon
Snake:3:  layout_onion_interference, nicolae_snake_salamander_fort,
          grunt_megastairs_4, serial_bayou_shore_b
Snake:4:  grunt_snake_rune_serpentine_throne, layout_cave_town, serial_shops,
          shop, uniq_vashnia, uniq_donald, uniq_aizul
Orc:1:    emtedronai_trogs_sanctum, layout_diamond_mine, basic_altar,
          mines2_david, uniq_jorgrun
Orc:2:    st_orc_open, layout_caves, serial_shops, bzr_firewalk,
          regret_index_minedec_shroomtown_chain, elves_outpost_lemuel
Elf:1:    eino_elf_arrival_sip, layout_rooms, minmay_elf_necromancy,
          nicolae_shop_vocational, uniq_louise, uniq_zenata
Elf:2:    nicolae_elf_blades_splatter_lattice [nicolae_blade_lattice],
          layout_geoelf_octagon, serial_shops, shop, uniq_nikola
Elf:3:    elf_hall, layout_onion_city, enter_trove_5

Skill      XL: |  1  2  3  4  5  6  7  8  9 10 11 12 13 14 15 16 17 18 19 20 |
---------------+-------------------------------------------------------------+-----
Polearms       | 3 4 5 6 9 10 11 14 15 16 17 18 19 20 | 20.0
Throwing       | 1 2 3 4 5 6 7 9 |  9.6
Fighting       | 4 5 6 8 9 10 11 12 13 14 15 16 17 | 17.0
Armour         | 4 6 7 8 9 10 12 13 14 15 | 15.0
Dodging        | 4 6 7 8 9 10 12 13 14 15 | 15.0
Shields        | 3 4 6 8 9 10 | 10.9
Evocations     | 3 5 6 9 12 | 12.0
Shapeshifting  | 1 5 |  5.0
Stealth        | |  5.0

Action                     |  1- 3 |  4- 6 |  7- 9 | 10-12 | 13-15 | 16-18 | 19-21 || total
---------------------------+-------+-------+-------+-------+-------+-------+-------++-------
  Melee: Flail             |    20 |   219 |   150 |       |       |       |       ||   389
         Punch             |       |     3 |     7 |     1 |     1 |       |       ||    12
         Trident           |       |       |    95 |   368 |       |       |   974 ||  1437
         Unarmed           |       |       |    28 |       |       |    11 |       ||    39
         Trishula          |       |       |       |   253 |  1430 |  1709 |   396 ||  3788
         Demon trident     |       |       |       |       |       |       |   500 ||   500
  Throw: Javelin           |       |     2 |       |     1 |       |       |       ||     3
         Dart              |       |     1 |    13 |     3 |       |       |       ||    17
 Invoke: Serpent's Lash    |       |       |       |       |     5 |     3 |     3 ||    11
         Heavenly Storm    |       |       |       |       |       |     1 |       ||     1
Ability: Whirlwind         |       |       |       |     7 |    47 |    92 |    56 ||   202
         Lunge             |       |       |       |     1 |    30 |   117 |    77 ||   225
         Wall Jump         |       |       |       |       |     1 |     1 |     3 ||     5
  Evoke: Wand              |       |       |     4 |     2 |       |       |     4 ||    10
         Phial of floods   |       |       |       |       |       |     1 |       ||     1
    Use: Scroll            |     1 |       |     8 |    12 |     7 |    14 |    16 ||    58
         Potion            |       |       |     6 |       |       |     7 |     6 ||    19
   Stab: Sleeping          |     2 |    17 |     3 |     5 |    12 |       |       ||    39
         Distracted        |       |       |     1 |     1 |     5 |       |     1 ||     8
         Petrifying        |       |       |       |       |       |     2 |       ||     2
         Petrified         |       |       |       |       |       |     2 |       ||     2
         Invisible         |       |       |       |       |       |    14 |       ||    14
 Armour: Leather armour    |    15 |    76 |   218 |   424 |   389 |       |       ||  1122
         Ring mail         |       |    70 |       |       |   136 |    45 |       ||   251
         Skin              |       |       |    44 |       |       |     6 |       ||    50
         Plate armour      |       |       |       |       |       |   945 |   760 ||  1705
  Dodge: Dodged            |    22 |   147 |   175 |   329 |   363 |   295 |   587 ||  1918
  Block: Kite shield       |       |       |       |   128 |   841 |   993 |   813 ||  2775
         Reflection        |       |       |       |       |    24 |    63 |    14 ||   101
         Other             |       |       |       |       |     2 |     6 |       ||     8
